 Dungeon Crawl Stone Soup version 0.28-a0-1199-gef9e1dbd39 (webtiles) character file.

Game seed: 37283219519028448

5236 Lavandula the Grappler (level 10, -1/78 HPs)
             Began as a Formicid Transmuter on Dec 19, 2021.
             Slain by a five-headed hydra (11 damage)
             ... on level 8 of the Dungeon.
             The game lasted 00:16:11 (9862 turns).

Lavandula the Grappler (Formicid Transmuter)        Turns: 9862, Time: 00:16:12

Health: -1/78      AC:  8    Str: 15    XL:     10   Next: 92%
Magic:  23/24      EV: 10    Int: 17    God:
Gold:   612        SH:  0    Dex: 11    Spells: 2/16 levels left

rFire   x . .      SeeInvis +     - Unarmed
rCold   + + +      Faith    .   (shield currently unavailable)
rNeg    + . .      Spirit   .   (armour currently unavailable)
rPois   +          Reflect  .   (helmet unavailable)
rElec   .          Harm     .   (cloak currently unavailable)
rCorr   .          Rampage  .   (gloves currently unavailable)
Will    +....                   (boots currently unavailable)
Stlth   +.........              (no amulet)
HPRegen 0.23/turn               l - ring of positive energy
MPRegen 0.19/turn               w - ring of Harmony {rC+ MP+9 SInv}

@: ice-form
A: freezing attack, amphibious, boosted hp, permanent stasis, dig shafts and
tunnels, large, (antennae 3), four strong arms
a: End Transformation


You were on level 8 of the Dungeon.
You were a creature of crystalline ice.
You visited 1 branch of the dungeon, and saw 8 of its levels.

You collected 612 gold pieces.

Inventory:

Missiles
 m - 4 curare-tipped darts
Armour
 a - a +0 robe (melded)
Magical Staves
 q - a staff of poison (melded)
Jewellery
 l - a ring of positive energy (left front paw)
 w - the ring of Harmony (right front paw) {rC+ MP+9 SInv}
   (You found it on level 6 of the Dungeon)

   [ring of see invisible]

   rC:        It protects you from cold.
   MP:        It affects your magic capacity (+9).
   SInv:      It lets you see invisible.
 y - a ring of flight
 C - a ring of fire
Wands
 o - a wand of iceblast (12)
 p - a wand of paralysis (7)
 t - a wand of flame (32)
 D - a wand of polymorph (9)
Scrolls
 d - 2 scrolls of noise {unknown}
 e - 2 scrolls of fog {unknown}
 f - 3 scrolls of vulnerability {unknown}
 i - 6 scrolls of teleportation {unknown}
 j - a scroll of amnesia
 u - 2 scrolls of enchant weapon
 v - a scroll of torment
 z - a scroll of magic mapping
 E - a scroll of fear
Potions
 b - a potion of brilliance {unknown}
 c - 3 potions of flight
 g - a potion of heal wounds
 h - 7 potions of curing
 k - a potion of attraction
 n - 2 potions of ambrosia {unknown}
 r - 2 potions of berserk rage {unknown}
 s - a potion of magic {unknown}
 x - a potion of lignification {unknown}
 B - a potion of degeneration {unknown}


   Skills:
 - Level 1.1 Fighting
 - Level 1.7 Dodging
 - Level 10.0 Unarmed Combat
 - Level 3.8 Spellcasting
 - Level 2.5 Summonings
 - Level 9.9 Transmutations
 - Level 4.0 Ice Magic
 - Level 4.0 Poison Magic
 + Level 5.2 Evocations


You had 2 spell levels left.
You knew the following spells:

 Your Spells              Type           Power      Damage    Failure   Level
a - Beastly Appendage     Tmut           72%        N/A       1%          1
b - Wereblood             Tmut           36%        N/A       1%          2
c - Spider Form           Tmut/Pois      26%        N/A       2%          3
d - Ice Form              Ice/Tmut       26%        N/A       10%         4
e - Summon Lightning Spi  Summ/Air       7%         N/A       67%         4

Your spell library contained the following spells:

 Spells                   Type           Power      Damage    Failure   Level
 Call Imp                 Summ           11%        N/A       9%          2
 Foxfire                  Conj/Fire      12%        2x1d4     16%         1
 Call Canine Familiar     Summ           11%        N/A       17%         3
 Portal Projectile        Hex/Tloc       6%         N/A       43%         3
 Airstrike                Air            1%         N/A       85%         4
 Leda's Liquefaction      Hex/Erth       1%         N/A       85%         4
 Iskenderun's Battlesphe  Conj           3%         2d6       99%         5
 Lightning Bolt           Conj/Air       1%         1d12      99%         5
 Iron Shot                Conj/Erth      1%         9d1       100%        6


Dungeon Overview and Level Annotations

Branches:
Dungeon (8/15)             Temple (0/1) D:7            Lair (0/6) D:8

Altars:
Sif Muna
Uskayaw
Wu Jian
Zin
The Shining One


Innate Abilities, Weirdness & Mutations

You are a creature of crystalline ice.
You have a powerful freezing melee attack.
You are amphibious.
Your maximum health is increased.
Your armour is entirely melded.
You are incapable of wielding weapons or throwing items.
You cannot be hasted, slowed, berserked, paralysed or teleported.
You can dig through walls and to a lower floor.
((You have a pair of large antennae on your head. (SInv)))
Your four strong arms can wield two-handed weapons with a shield.


Message History

The five-headed hydra bites you!
You see here the +8 glaive of the Fox {speed, rN++}.
You hit the five-headed hydra.
The five-headed hydra seems to slow down.
You freeze the five-headed hydra.
The five-headed hydra is lightly wounded.
The five-headed hydra bites you! x2
The five-headed hydra bites you but does no damage.
The five-headed hydra bites you!
* * * LOW HITPOINT WARNING * * *
The five-headed hydra bites you but does no damage.
Okay, then.
You see here the +13 scythe of Curses {drain, Drain}.
Okay, then.
Unknown command.
Okay, then.
Unknown command.
You feel much better.
The five-headed hydra is no longer moving slowly.
Unknown command.
Okay, then.
Unknown command.
You punch the five-headed hydra!
The five-headed hydra seems to slow down.
You freeze the five-headed hydra.
The five-headed hydra is moderately wounded.
Unknown command.
You completely miss the five-headed hydra.
The five-headed hydra is moderately wounded.
The five-headed hydra bites you! The five-headed hydra bites you.
The five-headed hydra bites you but does no damage.
The five-headed hydra bites you!
* * * LOW HITPOINT WARNING * * *
The five-headed hydra bites you but does no damage.
You hit the five-headed hydra. You freeze the five-headed hydra.
The five-headed hydra is moderately wounded.
The five-headed hydra bites you!
* * * LOW HITPOINT WARNING * * *
The five-headed hydra bites you!
You die...

#(.###.###...#...#.#.####.#
.##.#..#.#.#####.#.#..[.#.#
. #..##[.#. ...#...#....#.#
####.##### ##.#####....#.#
.........# ##.#.# #......#
.#######.###.#.#.# #......#
.# #.##.##.##.##....### .#
#.#.##)))##.#..(.# .#
#...#.)|DY#......#
#.#.##|)|##.#....#
#.##.##.##.##.....# #.#
#.###.###.###.# ..# #.#.##
#.# .#
####.#########.#####.###).
........................# .
...............##.......#
#.....#####..#..........##


You could see a five-headed hydra (slow).

Vanquished Creatures
  A two-headed ogre (D:8)
  An orc knight (D:8)
  A tarantella (shapeshifter) (D:8)
  2 wyverns (D:8)
  A yak (D:8)
  3 water moccasins (D:6)
  A sky beast (D:8)
  3 black bears
  3 orc warriors
  3 ice beasts (D:6)
  2 necrophages (D:6)
  An ogre (D:4)
  5 centaurs
  A phantom (D:6)
  2 bullfrogs (D:6)
  3 scorpions
  A water moccasin zombie (D:5)
  4 killer bees (D:7)
  3 wights (D:7)
  5 howler monkeys
  2 orc priests
  2 centaur skeletons
  7 hounds
  A bullfrog skeleton (D:4)
  3 iguanas (D:6)
  2 orc wizards
  A killer bee zombie (D:4)
  16 gnolls
  A howler monkey skeleton (D:6)
  2 adders
  2 white imps
  A howler monkey simulacrum (D:8)
  An ufetubus (D:4)
  An adder skeleton (D:3)
  2 worms
  2 dart slugs
  23 orcs
  8 ball pythons
  4 endoplasms
  5 giant cockroaches
  29 hobgoblins
  3 jackals (D:2)
  2 quokkas
  2 bats (D:2)
  5 frilled lizards
  30 goblins
  8 kobolds
  2 rats
213 creatures vanquished.

Vanquished Creatures (others)
  A fungus (D:8)
  A plant (D:8)
2 creatures vanquished.

Grand Total: 215 creatures vanquished

Notes
Turn   | Place    | Note
-------+----------+-------------------------------------------
     0 | D:1      | Lavandula the Formicid Transmuter began the quest for the
                  | Orb.
     0 | D:1      | Reached XP level 1. HP: 15/15 MP: 3/3
   455 | D:1      | Reached XP level 2. HP: 20/21 MP: 3/5
   491 | D:1      | Learned a level 2 spell: Wereblood
   977 | D:1      | Found a faded altar of an unknown god.
  1428 | D:1      | Reached skill level 4 in Unarmed Combat
  1428 | D:1      | Reached XP level 3. HP: 18/26 MP: 4/6
  1531 | D:1      | Learned a level 3 spell: Spider Form
  1783 | D:2      | Reached skill level 1 in Poison Magic
  1981 | D:2      | Reached XP level 4. HP: 18/32 MP: 7/7
  2317 | D:2      | Got the Almanac of the Damaging Escort
  2978 | D:3      | Reached XP level 5. HP: 26/37 MP: 4/8
  3255 | D:3      | Found an ornate altar of the Wu Jian Council.
  3426 | D:4      | Reached XP level 6. HP: 36/43 MP: 2/9
  3527 | D:4      | Reached skill level 5 in Transmutations
  3616 | D:4      | Found a shimmering blue altar of Sif Muna.
  3843 | D:4      | Learned a level 4 spell: Ice Form
  3851 | D:4      | Noticed an ogre
  3860 | D:4      | Killed an ogre
  3861 | D:4      | Reached XP level 7. HP: 48/48 MP: 8/12
  4646 | D:4      | Reached skill level 5 in Unarmed Combat
  5049 | D:5      | Entered Level 5 of the Dungeon
  5060 | D:5      | Reached skill level 6 in Unarmed Combat
  5108 | D:5      | Reached XP level 8. HP: 54/54 MP: 9/13
  5242 | D:5      | Reached skill level 7 in Unarmed Combat
  6043 | D:6      | Reached skill level 1 in Ice Magic
  6203 | D:6      | Reached XP level 9. HP: 59/59 MP: 9/14
  6940 | D:6      | Found a glowing golden altar of the Shining One.
  7261 | D:6      | Identified the ring of Harmony {rC+ MP+9 SInv}
  8036 | D:7      | Reached XP level 10. HP: 65/65 MP: 14/15
  8047 | D:7      | Reached skill level 8 in Unarmed Combat
  8197 | D:7      | Found a staircase to the Ecumenical Temple.
  8917 | D:8      | Noticed a two-headed ogre
  8922 | D:8      | Killed a two-headed ogre
  8923 | D:8      | Reached skill level 9 in Unarmed Combat
  9052 | D:8      | Found a hide-covered altar of Uskayaw.
  9076 | D:8      | Reached skill level 10 in Unarmed Combat
  9084 | D:8      | Learned a level 4 spell: Summon Lightning Spire
  9138 | D:8      | Found a glowing silver altar of Zin.
  9178 | D:8      | Reached skill level 1 in Summonings
  9226 | D:8      | Found a staircase to the Lair.
  9226 | D:8      | Noticed an orc knight
  9378 | D:8      | Reached skill level 1 in Evocations
  9591 | D:8      | Killed an orc knight
  9766 | D:8      | Reached skill level 5 in Evocations
  9843 | D:8      | Found the +13 scythe of Curses {drain, Drain}
  9853 | D:8      | Noticed a five-headed hydra
  9855 | D:8      | Identified the +8 glaive of the Fox {speed, rN++}
  9862 | D:8      | Slain by a five-headed hydra

Illustrated notes

Levels and vault maps discovered:
D:1:      sevenhm_arrival_forest_fort_large_4, layout_basic,
          nicolae_ecumenical_lake_church, chequers_serial_rivers_small_b
D:2:      layout_basic, minmay_indecisive_spiral
D:3:      layout_rooms, lemuel_doored_altar, minmay_misc_feat_room
D:4:      minmay_goblin_kobold_castle, layout_cave_pools,
          mainiacjoe_overflow_cross_hatched, serial_column_ruins,
          column_ruins_hut, column_ruins_hut_water, column_ruins_grid_1,
          column_ruins_open_medium, column_ruins_open_medium,
          column_ruins_columns_straight, hangedman_decor_clover_reticule
D:5:      layout_cave_pools
D:6:      layout_gridville, tso_metal_star, minmay_pentangle
D:7:      layout_cave_pods, minmay_temple_entry_waves
D:8:      layout_rooms, mainiacjoe_overflow_catch_the_wave, david_lair_generic,
          minmay_the_grid_2x2 [minmay_the_grid_paths, minmay_the_grid_all_tris,
          minmay_the_grid_armoury, minmay_the_grid_prize_diamond_cup]

Skill      XL: |  1  2  3  4  5  6  7  8  9 10 |
---------------+-------------------------------+-----
Unarmed Combat | 4 6 7 10 | 10.0
Poison Magic   | 3 4 |  4.0
Transmutations | 3 4 5 9 |  9.9
Spellcasting   | 3 |  3.8
Ice Magic      | 4 |  4.0
Summonings     | 2 |  2.5
Evocations     | 5 |  5.2
Fighting       | |  1.1
Dodging        | |  1.7

Action                   |  1- 3 |  4- 6 |  7- 9 | 10-12 || total
-------------------------+-------+-------+-------+-------++-------
Melee: Unarmed           |   100 |   114 |   284 |    97 ||   595
       Kick              |    17 |     3 |       |       ||    20
       Punch             |     1 |     1 |     1 |       ||     3
       Staff             |       |       |     3 |     1 ||     4
 Cast: Beastly Appendage |    17 |     7 |       |       ||    24
       Wereblood         |     1 |     4 |    14 |     5 ||    24
       Spider Form       |       |    14 |    27 |     2 ||    43
       Ice Form          |       |       |    15 |     9 ||    24
       Summon Lightning  |       |       |       |     1 ||     1
 Abil: Dig               |       |       |     3 |       ||     3
       End Transformatio |       |       |     2 |       ||     2
Evoke: Wand              |       |       |       |     1 ||     1
  Use: Scroll            |       |       |     6 |     4 ||    10
       Potion            |       |       |       |     1 ||     1
 Stab: Sleeping          |       |       |     3 |       ||     3
Armor: Robe              |    23 |     5 |     5 |       ||    33
       Skin              |       |    11 |    27 |    41 ||    79
Dodge: Dodged            |    57 |   118 |   237 |    47 ||   459

Table legend: (Time is in decaauts)
 A = Elapsed time spent in this place.
 B = Non-inter-level travel time spent in this place.
 C = Inter-level travel time spent in this place.
 D = Time resting spent in this place.
 E = Time spent auto-exploring this place.
 F = Levels seen in this place.
 G = Mean time per level.
                   A        B        C        D        E       F      G
               +--------+--------+--------+--------+--------+-----+--------+
         Total |   9801 |   9569 |    232 |    451 |   7434 |   8 | 1225.1 |
       Dungeon |   9801 |   9569 |    232 |    451 |   7434 |   8 | 1225.1 |
               +--------+--------+--------+--------+--------+-----+--------+

Top non-repeatable levels by time:
     D:4: 1655 daAuts
     D:7: 1585 daAuts
     D:1: 1498 daAuts
     D:6: 1476 daAuts
     D:2: 1330 daAuts
     D:8: 905 daAuts
     D:5: 806 daAuts
     D:3: 542 daAuts
